 Dungeon Crawl Stone Soup version 0.23.2-33-g5129a83184 (webtiles) character file.

Game seed: 10071675393841180926

1817 Folque the Geomancer (level 8, -2/61 HPs)
             Began as a Purple Draconian Earth Elementalist on July 5, 2019.
             Was a Believer of Sif Muna.
             Slain by Duvessa
             ... wielding a +0 rapier
              (13 damage)
             ... on level 6 of the Dungeon.
             The game lasted 00:21:52 (6271 turns).

Folque the Geomancer (DrEE)                         Turns: 6271, Time: 00:21:53

Health: -2/61      AC:  7    Str: 13    XL:     8   Next: 85%
Magic:  2/17       EV: 12    Int: 17    God:    Sif Muna [**....]
Gold:   361        SH:  0    Dex: 16    Spells: 4/19 levels left

rFire    . . .     SeeInvis .   C - +6 rapier of Joyful Slaughter {freeze, MR+ Str+2 Dex+4}
rCold    . . .     Gourm    .   (no shield)
rNeg     . . .     Faith    .   (armour unavailable)
rPois    .         Spirit   .   (helmet restricted)
rElec    .         Reflect  .   (no cloak)
rCorr    .         Harm     .   f - +0 pair of gloves
MR       ++...                  (no boots)
Stlth    +++.......             (no amulet)
HPRegen  0.20/turn              (no ring)
MPRegen  0.15/turn              (no ring)

@: about to teleport
A: breathe power, unfitting armour, cold-blooded, AC +6
a: Breathe Dispelling Energy, Divine Energy, Renounce Religion


You were on level 6 of the Dungeon.
You worshipped Sif Muna.
Sif Muna was pleased with you.
You were hungry.

You visited 2 branches of the dungeon, and saw 7 of its levels.

You collected 361 gold pieces.

Inventory:

Hand Weapons
 m - a +0 dagger
 t - a +0 dagger of venom
 C - the +6 rapier of Joyful Slaughter (weapon) {freeze, MR+ Str+2 Dex+4}
   (You found it on level 4 of the Dungeon)

   It has been specially enchanted to freeze those struck by it, causing extra
   injury to most foes and up to half again as much damage against particularly
   susceptible opponents.
   It can also slow down cold-blooded creatures.
   It affects your strength (+2).
   It affects your dexterity (+4).
   It affects your resistance to hostile enchantments.
Missiles
 b - 159 stones (quivered)
 o - 3 exploding tomahawks
Armour
 f - a +0 pair of gloves (worn)
Jewellery
 d - an uncursed amulet of the gourmand {unknown}
 H - a +4 amulet of reflection {unknown}
Wands
 y - a wand of digging (6)
 D - a wand of polymorph (9)
Scrolls
 e - 9 scrolls of identify
 g - 3 scrolls of remove curse {unknown}
 j - a scroll of teleportation
 l - 2 scrolls of enchant armour {unknown}
 q - a scroll of noise {unknown}
 u - a scroll of fog {unknown}
 v - 2 scrolls of enchant weapon {unknown}
 w - 2 scrolls of magic mapping {unknown}
 x - 2 scrolls of blinking {unknown}
 E - a scroll of random uselessness {unknown}
 G - a scroll of amnesia {unknown}
Potions
 a - a potion of flight {unknown}
 h - 2 potions of might {unknown}
 i - a potion of agility {unknown}
 k - 3 potions of berserk rage {unknown}
 n - 3 potions of cancellation {unknown}
 p - 2 potions of resistance {unknown}
 r - a potion of degeneration {unknown}
 s - a potion of lignification {unknown}
 A - a potion of magic {unknown}
 B - a potion of haste {unknown}
Comestibles
 c - 20 rations
 F - 3 chunks of flesh


   Skills:
 - Level 2.0 Fighting
 * Level 0.7 Short Blades
 - Level 1.7 Dodging
 + Level 4.5 Stealth
 - Level 6.1 Spellcasting
 - Level 2.2 Conjurations
 - Level 4.3 Transmutations
 + Level 8.0 Earth Magic


You had 4 spell levels left.
You knew the following spells:

 Your Spells              Type           Power        Failure   Level  Hunger
a - Sandblast             Erth           ####..       1%          1    None
b - Passwall              Tmut/Erth      ####....     1%          2    None
c - Stone Arrow           Conj/Erth      ###...       4%          3    ##.....
d - Lee's Rapid Deconstr  Erth           ####......   13%         5    #####..
e - Petrify               Tmut/Erth      ####....     10%         4    ####...

Your spell library contained the following spells:

 Spells                   Type           Power        Failure   Level  Hunger


Dungeon Overview and Level Annotations

Branches:
Dungeon (6/15)             Temple (1/1) D:4

Altars:
Ashenzari
Cheibriados
Dithmenos
Elyvilon
Fedhas
Gozag
Hepliaklqana
Kikubaaqudgha
Makhleb
Nemelex Xobeh
Okawaru
Qazlal
Ru
Sif Muna
Trog
Uskayaw
Vehumet
Wu Jian
Xom
Yredelemnul
Zin
The Shining One

Shops:
D:4 =

Annotations:
D:3 2 transporters, Paps's ghost, amateur DsAK
D:6 Duvessa


Innate Abilities, Weirdness & Mutations

You can breathe bolts of dispelling energy.
Your rich purple scales are hard. (AC +6)
You cannot fit into any form of body armour.
You are cold-blooded and may be slowed by cold attacks.


Message History

Duvessa hits you with a +0 rapier!
It was a potion of curing.
You feel better. Duvessa hits you with a +0 rapier.
Duvessa hits you with a +0 rapier!
You feel better. Duvessa completely misses you.
Casting: Stone Arrow (safe; 4% risk of failure)
Confirm with . or Enter, or press ? or * to list all spells.
Aiming: Sandblast (safe; 1% risk of failure)
Press: ? - help, Shift-Dir - straight line, f/p - Duvessa
Aim: Duvessa, wielding a +0 rapier and wearing a +0 ring mail (lightly wounded, berserk, fast, unusually strong)
The blast of sand hits Duvessa but does no damage.
Duvessa is lightly wounded.
b - 159 stones Duvessa hits you with a +0 rapier!
Duvessa misses you. Duvessa hits you with a +0 rapier!
* * * LOW HITPOINT WARNING * * *
You feel better. Duvessa hits you with a +0 rapier!
* * * LOW HITPOINT WARNING * * *
As you read the scroll of teleportation, it crumbles to dust.
You feel strangely unstable. Duvessa hits you with a +0 rapier!
You die...

##..#.............#
##+##.............#
#.................#
#.................#
#.................#
..................#
..................#
..................#
................@.#
................e.#
#####.............#
....#.............#
....#.............#
....'.............#
###'#.............#
##..#.............#
##..#.............#


You could see Duvessa (berserk).

Vanquished Creatures
  Eustachio (D:5)
  A phantom (D:6)
  4 ogres
  2 bullfrogs (D:6)
  Dowan (D:6)
  A scorpion (D:6)
  A howler monkey (D:4)
  An electric eel (D:6)
  A centaur zombie (D:6)
  A bullfrog zombie (D:6)
  A hound (D:4)
  2 orc priests
  A centaur skeleton (D:4)
  5 gnoll shamans (D:5)
  Jessica (D:2)
  3 orc wizards
  2 worker ants
  7 adders
  27 gnolls (D:5)
  2 shadow imps
  An ooze (D:2)
  2 worms
  4 dart slugs
  A leopard gecko (D:4)
  16 orcs
  4 giant cockroaches
  8 goblins
  2 hobgoblins
  25 jackals
  3 kobolds (D:1)
  9 bats
  9 frilled lizards
  A jackal skeleton (D:5)
  7 rats
157 creatures vanquished.

Notes
Turn   | Place    | Note
-------+----------+-------------------------------------------
     0 | D:1      | Folque the Draconian Earth Elementalist began the quest for
                  | the Orb.
     0 | D:1      | Reached XP level 1. HP: 14/14 MP: 3/3
   363 | D:1      | Found a hide-covered altar of Uskayaw.
   366 | D:1      | Reached skill level 1 in Fighting
   413 | D:1      | Reached XP level 2. HP: 23/23 MP: 5/5
   799 | D:2      | Learned a level 2 spell: Passwall
   833 | D:2      | Reached XP level 3. HP: 29/29 MP: 2/6
   841 | D:2      | Learned a level 3 spell: Stone Arrow
  1175 | D:2      | Reached skill level 1 in Conjurations
  1374 | D:2      | Found a radiant altar of Vehumet.
  1376 | D:2      | Noticed Jessica
  1382 | D:2      | Killed Jessica
  1382 | D:2      | Reached XP level 4. HP: 24/36 MP: 0/8
  1924 | D:3      | Found a stormy altar of Qazlal.
  1926 | D:3      | Noticed a fire elemental
  1927 | D:3      | Noticed a water elemental
  1927 | D:3      | Noticed an air elemental
  1927 | D:3      | Noticed an earth elemental
  1998 | D:3      | Reached XP level 5. HP: 20/41 MP: 5/9
  1999 | D:3      | Reached skill level 4 in Earth Magic
  2076 | D:3      | Noticed Paps's ghost (amateur DsAK)
  2094 | D:3      | Found a transporter.
  2127 | D:3      | Found a transporter.
  2747 | D:4      | Noticed an ogre
  2750 | D:4      | Noticed an ogre
  2770 | D:3      | Killed an ogre
  2770 | D:3      | Reached XP level 6. HP: 34/48 MP: 0/11
  2780 | D:3      | Learned a level 5 spell: Lee's Rapid Deconstruction
  2926 | D:4      | Found a glowing silver altar of Zin.
  2964 | D:4      | Reached skill level 5 in Earth Magic
  3045 | D:4      | Found a staircase to the Ecumenical Temple.
  3057 | Temple   | Entered the Ecumenical Temple
  3064 | Temple   | Became a worshipper of Sif Muna the Loreminder
  3139 | D:4      | Found Tiggux's Jewellery Shop.
  3218 | D:4      | Got a faintly glowing rapier
  3407 | D:5      | Entered Level 5 of the Dungeon
  3531 | D:5      | Noticed Eustachio
  3550 | D:4      | Your scales start taking on a rich purple colour.
  3550 | D:4      | Reached skill level 5 in Spellcasting
  3550 | D:4      | Reached XP level 7. HP: 22/55 MP: 8/15
  3569 | D:4      | Learned a level 4 spell: Petrify
  3599 | D:5      | Killed Eustachio
  3599 | D:5      | Reached skill level 6 in Earth Magic
  3903 | D:5      | Found a snail-covered altar of Cheibriados.
  3931 | D:5      | Reached * piety under Sif Muna
  4250 | D:5      | Found an ornate altar of the Wu Jian Council.
  4253 | D:5      | Found a glowing golden altar of the Shining One.
  4259 | D:5      | Found a white marble altar of Elyvilon.
  4441 | D:5      | Reached skill level 7 in Earth Magic
  4441 | D:5      | Reached XP level 8. HP: 48/61 MP: 1/17
  5199 | D:5      | Reached ** piety under Sif Muna
  5267 | D:5      | Identified the +6 rapier of Joyful Slaughter {freeze, MR+
                  | Str+2 Dex+4} (You found it on level 4 of the Dungeon)
  6180 | D:6      | Reached skill level 8 in Earth Magic
  6247 | D:6      | Noticed Dowan
  6248 | D:6      | Noticed Duvessa
  6251 | D:6      | Killed Dowan
  6271 | D:6      | Slain by Duvessa

Skill      XL: |  1  2  3  4  5  6  7  8 |
---------------+-------------------------+-----
Fighting       | 1 2 |  2.0
Conjurations   | 1 2 |  2.2
Spellcasting   | 3 5 6 |  6.1
Earth Magic    | 4 5 7 8 |  8.0
Transmutations | 2 4 |  4.3
Stealth        | 4 |  4.5
Short Blades   | |  0.7
Dodging        | |  1.7

Action                   |  1- 3 |  4- 6 |  7- 9 || total
-------------------------+-------+-------+-------++-------
Melee: Unarmed           |    29 |       |       ||    29
       Tailslap          |    11 |    11 |    13 ||    35
       Dagger            |    85 |    76 |    90 ||   251
       Rapier            |       |       |    51 ||    51
 Cast: Sandblast         |    15 |    20 |    35 ||    70
       Stone Arrow       |     3 |    15 |    34 ||    52
       Lee's Rapid Decon |       |       |    10 ||    10
       Petrify           |       |       |     3 ||     3
       Passwall          |       |       |     2 ||     2
 Abil: Breathe Dispellin |       |       |     2 ||     2
  Use: Scroll            |       |     1 |     2 ||     3
       Potion            |       |       |     3 ||     3
 Stab: Sleeping          |       |     1 |       ||     1
  Eat: Chunk             |     2 |     8 |    14 ||    24
Armor: Skin              |    43 |    25 |    83 ||   151
Dodge: Dodged            |    79 |    55 |   138 ||   272
